 Dungeon Crawl Stone Soup version 0.26.1-11-gd32895ea62 (webtiles) character file.

Game seed: 17381984638258580817

633 Kukuleta the Chiller (level 7, -5/50 HPs)
             Began as a Pale Draconian Ice Elementalist on June 29, 2021.
             Killed from afar by an orc wizard (7 damage)
             ... with a magic dart
             ... on level 3 of the Dungeon.
             The game lasted 00:17:31 (4751 turns).

Kukuleta the Chiller (DrIE)                         Turns: 4751, Time: 00:17:32

Health: -5/50      AC:  2    Str: 10    XL:     7   Next: 24%
Magic:  13/13      EV: 12    Int: 17    God:
Gold:   96         SH:  0    Dex: 12    Spells: 8/15 levels left

rFire    . . .     SeeInvis .   o - +1 quarterstaff (drain)
rCold    . . .     Faith    .   (shield currently unavailable)
rNeg     . . .     Spirit   .   (armour unavailable)
rPois    .         Reflect  .   (helmet restricted)
rElec    .         Harm     .   (no cloak)
rCorr    .         Rampage  .   (no gloves)
Will     .....                  (no boots)
Stlth    ++........             f - amulet of magic regeneration
HPRegen  0.16/turn              (no ring)
MPRegen  0.38/turn              (no ring)

@: corroded, hasted, very quick
A: breathe steam, unfitting armour, cold-blooded, AC +6
a: Breathe Steam


You were on level 3 of the Dungeon.
You visited 1 branch of the dungeon, and saw 4 of its levels.

You collected 96 gold pieces.

Inventory:

Hand Weapons
 a - a +0 club
 g - a +1 dagger of freezing
 o - a +1 quarterstaff of draining (weapon)
Jewellery
 f - an amulet of magic regeneration (around neck)
Wands
 s - a wand of random effects (17)
Scrolls
 h - 2 scrolls of enchant weapon {unknown}
 j - a scroll of fog
 k - 6 scrolls of identify {unknown}
 l - 2 scrolls of magic mapping {unknown}
 n - a scroll of fear {unknown}
 q - a scroll of noise {unknown}
 r - a scroll of immolation {unknown}
Potions
 b - a potion of ambrosia {unknown}
 c - a potion of resistance {unknown}
 d - a potion of heal wounds {unknown}
 e - a potion of degeneration {unknown}
 i - a potion of might {unknown}
 m - a potion of haste
 p - a potion of magic {unknown}
 t - a potion of brilliance {unknown}


   Skills:
 - Level 1.9 Dodging
 - Level 1.7 Stealth
 + Level 4.6 Spellcasting
 * Level 7.5 Ice Magic


You had 8 spell levels left.
You knew the following spells:

 Your Spells              Type           Power        Failure   Level
a - Freeze                Ice            100%         1%          1
b - Frozen Ramparts       Ice            58%          1%          3
c - Ozocubu's Armour      Ice            29%          1%          3

Your spell library contained the following spells:

 Spells                   Type           Power        Failure   Level
 Hailstorm                Conj/Ice       16%          30%         4
 Summon Ice Beast         Ice/Summ       16%          30%         4


Dungeon Overview and Level Annotations

Branches:
Dungeon (4/15)
 Temple: D:4-7

Altars:
Dithmenos
Nemelex Xobeh
Xom
The Shining One


Innate Abilities, Weirdness & Mutations

You can breathe blasts of scalding, opaque steam.
Your pale cyan-grey scales are hard. (AC +6)
You cannot fit into any form of body armour.
You are cold-blooded and may be slowed by cold attacks.


Message History

You are splashed with acid!
* * * LOW HITPOINT WARNING * * *
The orc wizard casts a spell at you. The magic dart hits you.
* * * LOW HITPOINT WARNING * * *
The jelly hits you but does no damage.
It was a potion of haste.
You feel yourself speed up. The jelly barely misses you.
The orc wizard gestures at you while chanting.
You resist with some effort.
You feel yourself speed up. The jelly hits you but does no damage.
The orc wizard hits you but does no damage.
You climb upwards.
There is a stone staircase leading down here.
You hit the orc wizard but do no damage.
The jelly barely misses you.
The orc wizard gestures at you while chanting.
The magic dart hits you!
You die...

......# #..>.........#######..#
......# ##..[[...(.##.######..##
.########....<)..............####
.#####......########........>....
.......##.#####......###..##.....
.########.......#########........
.....##.h.####### #..........#..
.....#..#.##########.########...#
.......##......J@o...# #..##
.....###..############ #..#.
.....# #### ##.'. .....# #.#.
.....# #.## ###### #..# ##.. ###


You could see a jelly (drained) and an orc wizard.

Vanquished Creatures
  An ice beast (D:3)
  An ogre (D:3)
  A bullfrog zombie (D:4)
  3 orc priests (D:2)
  3 orc wizards
  Terence (D:2)
  Natasha (thrice) (D:3)
  3 gnolls (D:2)
  3 adders (D:3)
  A worm (D:2)
  A dart slug (D:2)
  5 leopard geckos
  13 orcs
  2 bats
  5 giant cockroaches
  4 goblins
  9 hobgoblins
  8 jackals
  5 kobolds
  3 frilled lizards
  12 rats
87 creatures vanquished.

Notes
Turn   | Place    | Note
-------+----------+-------------------------------------------
     0 | D:1      | Kukuleta the Draconian Ice Elementalist began the quest for
                  | the Orb.
     0 | D:1      | Reached XP level 1. HP: 14/14 MP: 3/3
   265 | D:1      | Reached XP level 2. HP: 20/20 MP: 3/5
   714 | D:1      | Found a sacrificial altar of Ru.
   716 | D:1      | Found a shimmering altar of Xom.
   716 | D:1      | Found a burning altar of Makhleb.
   718 | D:1      | Found a bloodstained altar of Trog.
   718 | D:1      | Found a shimmering altar of Xom.
   718 | D:1      | Found a snail-covered altar of Cheibriados.
  1066 | D:2      | Reached XP level 3. HP: 26/26 MP: 3/6
  1197 | D:2      | Found a glowing golden altar of the Shining One.
  1566 | D:2      | Noticed Terence
  1573 | D:2      | Killed Terence
  1574 | D:2      | Reached skill level 5 in Ice Magic
  1574 | D:2      | Reached XP level 4. HP: 25/33 MP: 3/8
  1647 | D:2      | Learned a level 3 spell: Frozen Ramparts
  1651 | D:2      | Learned a level 3 spell: Ozocubu's Armour
  2255 | D:3      | Noticed Natasha
  2278 | D:3      | Killed Natasha
  2439 | D:3      | Reached XP level 5. HP: 38/38 MP: 5/10
  2744 | D:3      | Noticed Natasha
  2922 | D:2      | Reached skill level 6 in Ice Magic
  3226 | D:3      | Killed Natasha
  3566 | D:2      | Reached XP level 6. HP: 38/45 MP: 11/11
  3745 | D:3      | Noticed Natasha
  3751 | D:3      | Killed Natasha
  3903 | D:3      | Found a sparkling altar of Nemelex Xobeh.
  4152 | D:3      | Found a shadowy altar of Dithmenos.
  4248 | D:3      | Noticed an ice beast
  4275 | D:3      | Killed an ice beast
  4276 | D:3      | Reached skill level 7 in Ice Magic
  4498 | D:3      | Your scales start taking on a pale cyan-grey colour.
  4498 | D:3      | Reached XP level 7. HP: 50/50 MP: 5/13
  4747 | D:4      | HP: 1/50 [orc wizard/magic dart (6)]
  4751 | D:3      | Killed from afar by an orc wizard

Illustrated notes

Levels and vault maps discovered:
D:1:      lightli_arrival_isolated_outpost, layout_rooms, doesnt_xom_only_xom
D:2:      layout_basic, tso_metal_star, uniq_terence
D:3:      layout_rooms, nicolae_dithmenos_shadow_blocks,
          nemelex_xobeh_ov_fountains_minmay, portal_sewer_entry_d,
          minmay_box_of_dots, uniq_natasha
D:4:      layout_rooms, serial_corexii_hall, corexii_hall_statues_l,
          corexii_hall_statues_deadend, serial_shops, kennysheep_little_box,
          gup_ossuary_entry_pyramid, grunt_ministairs_10, hangedman_decor_points

Skill      XL: |  1  2  3  4  5  6 |
---------------+-------------------+-----
Spellcasting   | 3 4 |  4.6
Ice Magic      | 5 6 7 |  7.5
Dodging        | |  1.9
Stealth        | |  1.7

Action                   |  1- 3 |  4- 6 |  7- 9 || total
-------------------------+-------+-------+-------++-------
Melee: Unarmed           |     5 |       |       ||     5
       Tailslap          |     2 |     5 |     2 ||     9
       Club              |     1 |       |       ||     1
       Dagger            |     8 |       |       ||     8
       Quarterstaff      |       |    58 |    13 ||    71
 Cast: Freeze            |    48 |    63 |     7 ||   118
       Ozocubu's Armour  |       |     2 |       ||     2
       Frozen Ramparts   |       |     1 |       ||     1
 Abil: Breathe Steam     |       |       |     2 ||     2
  Use: Scroll            |     3 |       |       ||     3
       Potion            |       |       |     1 ||     1
 Stab: Sleeping          |       |     2 |       ||     2
Armor: Skin              |     7 |    30 |    14 ||    51
Dodge: Dodged            |    19 |    74 |    30 ||   123
